 Dungeon Crawl Stone Soup version 0.15-a0-734-g2b8d6ef (console) character file.

505 Plastic the Ducker (level 6, -1/28 HPs)
             Began as a Felid Berserker on May 11, 2014.
             Was a Priest of Trog.
             Slain by a gnoll
             ... wielding a +0,+0 flail
              (7 damage)
             ... on Level 4 of the Dungeon.
             The game lasted 00:07:44 (1692 turns).

Plastic the Ducker (Felid Berserker)                Turns: 1692, Time: 00:07:45

HP  -1/28        AC  2     Str 13      XL: 6   Next: 96%
MP  10/10        EV 23     Int  9      God: Trog [***...]
Gold 83          SH  0     Dex 17      Spells:  0 memorised,  5 levels left
Lives: 0, deaths: 1

rFire  + . .     SeeInvis +       - Unarmed
rCold  . . .     Clarity  .     (armour unavailable)
rNeg   . . .     Conserve .     (shield unavailable)
rPois  .         rCorr    .     (helmet unavailable)
rElec  .         rRot     .     (cloak unavailable)
SustAb . .       Spirit   .     (gloves unavailable)
rMut   .         Warding  .     (boots unavailable)
Gourm  .         Stasis   .     (no amulet)
MR     .....                    (no ring)
                                q - ring of protection from fire

@: quick, not resistant to hostile enchantments, unstealthy
A: paw claws, no armour, no weapons or thrown items, fangs 3, see invisible,
carnivore 3, speed 1, shaggy fur 2, slow metabolism 1, jump 2
a: Jump Attack, Burn Spellbooks, Berserk, Trog's Hand, Renounce Religion


You were on level 4 of the Dungeon.
You worshipped Trog.
Trog was most pleased with you.
You were not hungry.

You visited 1 branch of the dungeon, and saw 4 of its levels.

You collected 83 gold pieces.

Inventory:

Comestibles
 c - 2 meat rations
 i - a royal jelly
Scrolls
 a - 2 scrolls of teleportation {unknown}
 b - 2 scrolls of remove curse {unknown}
 l - 2 scrolls of random uselessness {unknown}
 p - a scroll of amnesia {unknown}
 s - 2 scrolls of enchant weapon I {unknown}
Jewellery
 q - a ring of protection from fire (left paw)
Potions
 d - a potion of haste {unknown}
 e - 2 potions of heal wounds {unknown}
 f - 3 potions of curing
 h - a potion of poison {unknown}
 j - 2 potions of restore abilities
 k - a potion of magic {unknown}
 n - a potion of beneficial mutation {unknown}
 o - 2 potions of brilliance
Books
 g - a book of the Warp

   Spells                             Type                      Level
   Control Teleport                   Charms/Translocation         4
   Phase Shift                        Translocation                5
   Warp Weapon                        Charms/Translocation         5
   Dispersal                          Translocation                6
   Controlled Blink                   Translocation                7
   Disjunction                        Translocation                8
   Trog disapproves of the use of such an item.
 r - a book of Debilitation

   Spells                             Type                      Level
   Corona                             Hexes                        1
   Slow                               Hexes                        2
   Inner Flame                        Hexes/Fire                   3
   Enslavement                        Hexes                        4
   Cause Fear                         Hexes                        4
   Leda's Liquefaction                Hexes/Earth                  4
   Trog disapproves of the use of such an item.


   Skills:
 - Level 3.0 Fighting
 + Level 7.6 Dodging
 * Level 7.3 Unarmed Combat


You had 5 spell levels left.
You didn't know any spells.

Dungeon Overview and Level Annotations

Branches:
Dungeon (4/15)
 Temple: D:4-7

Altars:
Ashenzari
Elyvilon
Okawaru
Vehumet
Xom
Yredelemnul


Innate Abilities, Weirdness & Mutations

You cannot wear armour.
You are incapable of wielding weapons or throwing items.
Your paws have sharp claws.
You have razor-sharp teeth.
You have supernaturally acute eyesight.
You are carnivorous and can eat meat at any time.
You cover ground quickly.
You are covered in thick fur (AC +2).
You have a slow metabolism.
You can jump attack at a medium distance.


Message History

You see here the felid corpse of Plastic.
You offer a prayer to Trog.
The felid corpse of Plastic is slowly consumed by flames.
Trog is most pleased with you.
Items here: ))) [ a whip; a club; a robe; a spear You see here an uncursed spear.
The gnoll shouts!
The gnoll hits you with a flail!
* * * LOW HITPOINT WARNING * * *
You claw the gnoll!
The gnoll begins to bleed from its wounds!
The gnoll is severely wounded.
You scratch the gnoll.
The gnoll is severely wounded.
The gnoll completely misses you.
You barely miss the gnoll.
The gnoll is severely wounded.
The gnoll hits you with a flail!
You die...

#######................((.....#
..........)..........)...........
≈≈≈≈≈≈≈≈≈≈≈)...≈≈≈≈≈≈≈≈≈≈≈≈≈≈≈≈≈≈
≈≈≈≈≈≈≈≈≈≈≈....≈≈≈≈≈≈≈≈≈≈≈≈≈≈≈≈≈
≈≈≈≈≈≈≈≈≈≈≈....≈≈≈≈≈≈≈≈≈≈≈≈####
...........................# .
###########''''#############
.#..#######...)#######.....#
D#..'.....'....g@)..)'.....#
.#..#######....#######.....#
############''##############
........)........'
.........).......'
.........)........#
..................
########''#########
.......'.)).))....+


You could see a gnoll (bleeding).

Vanquished Creatures
  An ogre (D:4)
  A gnoll sergeant (D:4)
  A hound (D:4)
  An iguana (D:4)
  5 gnoll shamans (D:4)
  2 worker ants (D:4)
  24 gnolls (D:4)
  4 adders
  2 worms
  An orc (D:4)
  A ball python (D:2)
  3 giant cockroaches
  3 goblins
  5 hobgoblins
  5 jackals
  4 bats
  2 giant newts
  8 kobolds
  7 rats
80 creatures vanquished.

Notes
Turn   | Place    | Note
--------------------------------------------------------------
     0 | D:1      | Plastic, the Felid Berserker, began the quest for the Orb.
     0 | D:1      | Reached XP level 1. HP: 10/10 MP: 2/2
   217 | D:2      | Reached XP level 2. HP: 12/14 MP: 3/3
   316 | D:2      | Found a basalt altar of Yredelemnul.
   323 | D:2      | Found an iron altar of Okawaru.
   326 | D:2      | Found a shattered altar of Ashenzari.
   329 | D:2      | Found a radiant altar of Vehumet.
   330 | D:2      | Found a shimmering altar of Xom.
   390 | D:2      | Reached XP level 3. HP: 13/17 MP: 5/5
   512 | D:2      | Acquired Trog's second power
   681 | D:4      | Reached skill level 5 in Dodging
   963 | D:3      | Reached XP level 4. HP: 8/21 MP: 7/7
  1117 | D:4      | HP: 1/21 [iguana (5)]
  1136 | D:4      | Reached XP level 5. HP: 19/24 MP: 8/8
  1193 | D:3      | Found a white marble altar of Elyvilon.
  1231 | D:3      | Reached skill level 5 in Unarmed Combat
  1304 | D:4      | Noticed an ogre
  1313 | D:4      | Killed an ogre
  1313 | D:4      | Reached skill level 6 in Dodging
  1384 | D:4      | Gained mutation: You are covered in thick fur (AC +2). [growing up]
  1384 | D:4      | Gained mutation: You can jump attack at a medium distance. [growing up]
  1384 | D:4      | Reached XP level 6. HP: 23/28 MP: 10/10
  1431 | D:4      | Noticed an eight-headed hydra
  1497 | D:4      | Noticed a gnoll sergeant
  1545 | D:4      | Slain by a gnoll shaman
  1546 | D:4      | Reached XP level 5. HP: 0/24 MP: 8/8
  1569 | D:4      | Reached skill level 7 in Dodging
  1573 | D:4      | Reached XP level 6. HP: 28/28 MP: 10/10
  1660 | D:4      | Killed a gnoll sergeant
  1692 | D:4      | Slain by a gnoll

Action                   |  1- 3 |  4- 6 || total
-------------------------+-------+-------++-------
Melee: Unarmed           |    91 |   181 ||   272
Invok: Berserk           |     2 |     4 ||     6
       Trog's Hand       |     1 |     6 ||     7
  Use: Scroll            |       |     3 ||     3
       Potion            |       |     2 ||     2
 Stab: Sleeping          |     3 |     1 ||     4
